 Dungeon Crawl Stone Soup version 0.15-a0-348-gfef1ba5 (webtiles) character file.

283453 Infinimo the Wrestler (level 19, -85/172 HPs)
             Began as a Minotaur Monk on May 2, 2014.
             Was the Champion of Makhleb.
             Annihilated by a titanic slime creature (136 damage)
             ... summoned by a boggart
             ... on Level 3 of the Vaults.
             The game lasted 02:12:49 (45633 turns).

Infinimo the Wrestler (Minotaur Monk)              Turns: 45633, Time: 02:12:51

HP -85/172       AC 34     Str 23      XL: 19   Next: 71%
MP  27/27        EV  4     Int  8      God: Makhleb [******]
Gold 1707        SH 34     Dex 18      Spells:  0 memorised, 18 levels left

rFire  + + .     SeeInvis .       - Unarmed
rCold  + + +     Clarity  +     R - +9 armour of the Dragon King {rPois rF+ rC+ MR+}
rNeg   . . .     Conserve .     Q - +5 shield of Resistance {rF+ rC+ MR+}
rPois  +         rCorr    .     (helmet restricted)
rElec  .         rRot     .     T - +0 cloak
SustAb . .       Spirit   .     S - +0 pair of gloves {Dex+3}
rMut   .         Warding  .     I - +0 pair of boots
Saprov . . .     Stasis   .     y - amulet of clarity
MR     ++++.                    W - ring "Rokatz" {rC+ Stlth+}
                                p - ring of regeneration

@: about to teleport, drained, incredibly resistant to hostile enchantments,
extremely unstealthy
A: retaliatory headbutt, horns 2, agile 1, magic resistance 1, spit poison 1,
evolution 1
a: Spit Poison, Minor Destruction, Lesser Servant of Makhleb, Major Destruction,
Greater Servant of Makhleb, Renounce Religion
}: 2/15 runes: barnacled, gossamer


You were on level 3 of the Vaults.
You worshipped Makhleb.
Makhleb was exalted by your worship.
You were not hungry.

You visited 7 branches of the dungeon, and saw 41 of its levels.
You also visited: Bailey.

You collected 4198 gold pieces.
You spent 2491 gold pieces at shops.

Inventory:

Armour
 I - a +0 pair of boots (worn)
 Q - the +5 shield of Resistance (worn) {rF+ rC+ MR+}
   (You bought it in a shop on level 4 of the Orcish Mines)

   It protects you from fire.
   It protects you from cold.
   It affects your resistance to hostile enchantments.
 R - the +9 armour of the Dragon King (worn) {rPois rF+ rC+ MR+}
   (You bought it in a shop on level 4 of the Orcish Mines)

   It protects you from fire.
   It protects you from cold.
   It protects you from poison.
   It affects your resistance to hostile enchantments.
 S - a +0 pair of gloves of dexterity (worn)
 T - a +0 cloak (worn)
Magical devices
 s - a wand of heal wounds (4)
 D - a wand of frost (8)
 P - a wand of digging (13)
 U - a wand of fire (8)
 Y - a wand of digging (6)
Comestibles
 b - 14 bread rations
 c - 3 pieces of ambrosia
 g - 16 strawberries
 h - 11 apples
 i - a meat ration
 o - 7 pears
 r - 9 cheeses
 t - 6 chunks of stone giant flesh
 v - 8 honeycombs
 B - 12 grapes
 C - 4 beef jerkies
 H - 11 sultanas
Scrolls
 a - a scroll of teleportation
 m - a scroll of identify
 q - 4 scrolls of remove curse
 w - a scroll of magic mapping
 A - a scroll of holy word
 O - a scroll of fog
 V - 2 scrolls of recharging
Jewellery
 f - an uncursed ring of wizardry {unknown}
 j - an uncursed ring of flight
 k - a cursed ring of teleportation
 l - an uncursed amulet of resist corrosion
 p - a ring of regeneration (left hand)
 y - an amulet of clarity (around neck)
 G - an uncursed ring of sustain abilities
 W - the ring "Rokatz" (right hand) {rC+ Stlth+}
   (You found it on level 15 of the Dungeon)

   [ring of stealth]

   It protects you from cold.
   It makes you more stealthy.
 X - an uncursed ring of fire {unknown}
 Z - a cursed -4 ring of intelligence {unknown}
Potions
 d - 6 potions of curing
 e - 2 potions of might
 n - a potion of restore abilities
 x - 4 potions of brilliance
 E - 2 potions of agility
 F - 2 potions of invisibility
 J - 3 potions of magic
 N - a potion of resistance
Books
 u - a book of Ice

   Spells                             Type                      Level
   Metabolic Englaciation             Hexes/Ice                    5
   Ozocubu's Refrigeration            Ice                          6
   Bolt of Cold                       Conjuration/Ice              6
   Freezing Cloud                     Conjuration/Ice/Air          6
   Simulacrum                         Ice/Necromancy               6


   Skills:
 + Level 16.1(15.5) Fighting
 + Level 15.8(15.2) Armour
 - Level 3.2(2.7) Dodging
 - Level 1.5(1.1) Stealth
 - Level 15.0(14.4) Shields
 * Level 25.0(24.3) Unarmed Combat
 - Level 9.3(8.8) Invocations


You had 18 spell levels left.
You didn't know any spells.

Dungeon Overview and Level Annotations

Branches:
Dungeon (15/15)            Temple (1/1) D:4             Orc (4/4) D:11
    Elf (0/3) Orc:3          Lair (8/8) D:9          Shoals (5/5) Lair:3
 Spider (5/5) Lair:4        Slime (0/6) Lair:8       Vaults (3/5) D:13
  Crypt (0/3) Vaults:2     Depths (0/5) D:15
  Blade: Vaults:3-4

Altars:
Ashenzari
Cheibriados
Dithmenos
Elyvilon
Fedhas
Kikubaaqudgha
Makhleb
Nemelex Xobeh
Okawaru
Sif Muna
Trog
Vehumet
Xom
Yredelemnul
Zin
The Shining One
Beogh

Shops:
D:6 =!(*?   D:7 (   D:11 !*:   Orc:4 ([[[}=   Shoals:1 (   Vaults:2 *

Portals:
Trove: D:10 (give +6,+5 demon blade)

Annotations:
Shoals:3 exclusion: 2 ice statues


Innate Abilities, Weirdness & Mutations

You reflexively headbutt those who attack you in melee.
You have a pair of horns on your head.
You are agile. (Dex +2)
You are resistant to hostile enchantments.
You can spit poison.
You evolve.


Message History

The titanic slime creature hits you!
* * * LOW HITPOINT WARNING * * *
The deep elf fighter mumbles some strange words.
The deep elf fighter blinks!
Unknown command.
Unknown command.
Drink which item? (? for menu, Esc to quit)
Okay, then.
Unknown command.
Evoke which item? (* to show all) (? for menu, Esc to quit)
Zapping:
s - a wand of heal wounds (5)
Press: ? - help, Shift-Dir - straight line, f - you You feel much better.
This wand has 4 charges left.
You block the deep troll's attack.
The deep elf fighter mumbles some strange words.
The deep elf fighter blinks!
You block the slime creature's attack.
The vault sentinel blows on a signal horn!
You block the vault sentinel's attack. The titanic slime creature hits you!
Ouch! That really hurt!
You die...

# # # # ###############
#########......#.e*...#
#.......'......eTpp.§.#
'.......#..##..#@e##..#
#..###..#..##..#JJ#
#..# #..#......#Zppg
#..###..#......#§e§...
#.......##+#########+##
#.......# #####+###
......# ......#


You could see an ironheart preserver, a deep elf sorcerer, a titanic slime
creature, a slime creature, a deep troll, 2 vault sentinels, an ironbrand
convoker, a deep elf conjurer, a boggart, a deep elf fighter, a deep elf mage
and a human simulacrum.

Vanquished Creatures
  Nikola (Spider:5)
  Arachne (Spider:4)
  2 krakens
  Polyphemus (Shoals:2)
  Rupert (Shoals:2)
  Frances (Spider:3)
  The ghost of Armakuni the Fencer, a mighty HuFi of Okawaru (Shoals:4)
  Roxanne (Spider:4)
  2 vault wardens
  Donald (Orc:2)
  A deep elf sorcerer (Vaults:2)
  4 ghost moths
  A frost giant (Vaults:1)
  Aizul (Spider:4)
  6 emperor scorpions
  Jorgrun (Spider:3)
  4 stone giants
  The ghost of 4tharraofdagon the Arsonist, a powerful LOFE of Ashenzari (Lair:8)
  A deep elf death mage (Vaults:1)
  4 merfolk javelineers (Shoals:5)
  3 fire dragons
  6 merfolk impalers
  2 yaktaur captains (Vaults:1)
  7 sirens
  3 vault guards
  3 ironheart preservers
  A hydra (Lair:8)
  An ice dragon (Vaults:1)
  2 merfolk aquamancers
  Erica (D:11)
  3 satyrs
  4 tengu warriors (D:13)
  2 death knights (Vaults:2)
  15 death yaks
  2 ogre magi (Vaults:2)
  A deep troll shaman (Lair:8)
  A spectral elf (Vaults:1)
  4 centaur warriors
  A very ugly thing (Vaults:2)
  3 catoblepae
  A flayed ghost (Vaults:1)
  5 unseen horrors
  A storm dragon skeleton (Vaults:2)
  2 deep elf knights (Vaults:2)
  4 deep trolls (Vaults:2)
  8 hill giants
  22 orb spiders
  7 sea snakes
  The ghost of 4tharraofdagon the Bolt Thrower, an experienced HaHu of Cheibriados (D:9)
  Pikel (D:9)
  11 orc knights
  3 water nymphs
  9 harpies
  2 wizards (D:13)
  10 fauns
  2 necromancers
  Joseph (D:7)
  9 cyclopes
  3 ironbrand convokers
  A deep elf conjurer (Vaults:1)
  An orc sorcerer (Orc:4)
  36 wolf spiders
  8 griffons
  6 red wasps
  9 manticores
  A moth of wrath (Spider:5)
  8 mermaids
  3 black mambas
  A black mamba (shapeshifter) (Vaults:1)
  13 elephants
  A salamander (shapeshifter) (Vaults:1)
  A molten gargoyle (Lair:4)
  4 vault sentinels (Vaults:2)
  A sixfirhy (D:15)
  4 drowned souls
  2 gargoyles
  3 feature mimics
  Psyche (D:9)
  6 spiny frogs
  2 iron troll zombies (Vaults:2)
  11 demonic crawlers
  A komodo dragon (shapeshifter) (D:13)
  A deep elf priest (Vaults:2)
  12 komodo dragons
  7 yaktaurs
  Grinder (D:6)
  A queen bee (Lair:7)
  2 kobold demonologists
  7 boggarts
  2 guardian mummies (D:10)
  3 polar bears (Lair:8)
  6 trolls
  3 fire drakes
  25 merfolk
  2 wind drakes
  5 two-headed ogres
  4 brown oozes (Lair:8)
  4 ravens (D:13)
  2 boulder beetles
  A wind drake (shapeshifter) (D:14)
  A blink frog (shapeshifter) (Vaults:1)
  7 blink frogs
  A fire giant simulacrum (Vaults:2)
  37 jumping spiders
  31 tarantellas
  8 slime creatures
  6 snapping turtles
  7 water elementals
  A fire elemental (Lair:4)
  2 wraiths
  21 trapdoor spiders
  62 redbacks
  2 elephant slugs
  A formicid (shapeshifter) (Vaults:2)
  4 fire bats (Lair:4)
  20 humans
  A wyvern (D:10)
  19 sharks
  3 vampires
  10 ugly things (Vaults:2)
  11 hippogriffs
  7 deep elf magi
  20 wolves
  29 yaks
  6 deep elf fighters
  2 hungry ghosts
  14 vampire mosquitoes
  5 wargs
  5 mottled dragons
  14 swamp worms (Spider:1)
  A soldier ant (D:15)
  7 water moccasins
  18 ice beasts
  3 sky beasts
  48 orc warriors
  23 spiders
  2 phantoms (D:9)
  A yellow wasp (Spider:5)
  2 boring beetles
  14 centaurs
  6 porcupines
  2 slaves (D:9)
  2 black bears
  A brain worm (Spider:1)
  20 ogres
  6 big kobolds
  12 crocodiles
  A human zombie (Vaults:2)
  A komodo dragon zombie (D:12)
  2 cyclops zombies
  15 giant slugs
  2 lava worms
  15 giant frogs
  A wyvern skeleton (D:9)
  6 scorpions
  A cyclops skeleton (D:13)
  An eye of draining (D:12)
  3 wights (D:7)
  3 vampire bats (Lair:8)
  30 killer bees
  2 lava snakes
  A troll skeleton (D:12)
  3 goliath beetles
  12 electric eels
  7 crimson imps
  2 giant frog zombies
  4 jellies
  12 hounds
  A two-headed ogre zombie (D:10)
  15 worker ants
  A centaur zombie (D:5)
  Crazy Yiuf (D:3)
  10 big fish
  10 iguanas
  33 orc priests
  A giant frog skeleton (D:10)
  A human skeleton (D:13)
  42 orc wizards
  An ogre zombie (D:5)
  48 sheep
  Ijyb (D:2)
  2 sky beast zombies
  Terence (D:3)
  A worker ant zombie (D:6)
  25 green rats
  6 gnolls
  20 adders
  3 giant mites
  An inept item mimic (Orc:1)
  2 shadow imps
  8 worms
  An adder skeleton (D:5)
  An iguana skeleton (D:5)
  2 giant eyeballs
  10 giant geckos
  An ooze (D:5)
  218 orcs
  24 bats
  5 giant cockroaches
  26 goblins
  16 hobgoblins
  26 jackals
  25 kobolds
  10 quokkas
  2 ball pythons
  5 giant newts
  A giant newt zombie (D:5)
  A kobold zombie (D:6)
  A quokka zombie (D:7)
  24 rats
  A rat skeleton (D:5)
  2 rat zombies
  9 tentacles
1709 creatures vanquished.

Vanquished Creatures (others)
  An orb spider (Spider:2)
  A wolf spider (Spider:2)
  51 drowned souls
  2 jumping spiders
  2 fire vortices (Lair:4)
  A redback (Spider:2)
  A hound (D:5)
  A giant gecko (D:5)
  5 orcs
  A bush (Lair:3)
  5 fungi
  3 plants
  19 tentacles
  297 tentacle segments
390 creatures vanquished.

Grand Total: 2099 creatures vanquished

Notes
Turn   | Place    | Note
--------------------------------------------------------------
     0 | D:1      | Infinimo, the Minotaur Monk, began the quest for the Orb.
     0 | D:1      | Reached XP level 1. HP: 19/19 MP: 1/1
   334 | D:1      | Reached XP level 2. HP: 26/26 MP: 1/1
   464 | D:1      | Reached skill level 1 in Armour
   627 | D:2      | Reached skill level 5 in Unarmed Combat
   812 | D:2      | Reached XP level 3. HP: 31/31 MP: 2/2
   870 | D:2      | Noticed Ijyb
   890 | D:2      | Killed Ijyb
  1556 | D:2      | Reached XP level 4. HP: 39/39 MP: 2/2
  1677 | D:3      | Found a sparkling altar of Nemelex Xobeh.
  1978 | D:3      | Noticed Terence
  1987 | D:3      | Killed Terence
  2085 | D:3      | Paralysed by a potion of paralysis for 2 turns
  2179 | D:3      | Found a white marble altar of Elyvilon.
  2345 | D:3      | Reached skill level 6 in Unarmed Combat
  2473 | D:3      | Noticed Crazy Yiuf
  2482 | D:3      | Killed Crazy Yiuf
  2482 | D:3      | Reached XP level 5. HP: 27/45 MP: 2/2
  2556 | D:3      | Noticed an ogre
  2564 | D:3      | Killed an ogre
  2646 | D:3      | Reached skill level 7 in Unarmed Combat
  3214 | D:4      | Reached XP level 6. HP: 47/51 MP: 3/3
  3252 | D:4      | HP: 1/51 [orc priest/divine providence (14)]
  3670 | D:4      | Found a staircase to the Ecumenical Temple.
  3676 | Temple   | Entered the Ecumenical Temple
  3803 | Temple   | Became a worshipper of Makhleb the Destroyer
  3803 | Temple   | Acquired Makhleb's first power
  3803 | Temple   | Acquired Makhleb's second power
  3866 | D:4      | Found a radiant altar of Vehumet.
  3871 | D:4      | Noticed an ogre
  3877 | D:4      | Killed an ogre
  4538 | D:5      | Entered Level 5 of the Dungeon
  4552 | D:5      | Reached skill level 8 in Unarmed Combat
  4552 | D:5      | Reached XP level 7. HP: 36/57 MP: 3/3
  4805 | D:5      | Reached skill level 5 in Armour
  5096 | D:5      | Paralysed by a giant eyeball for 3 turns
  5114 | D:5      | Paralysed by a giant eyeball for 4 turns
  5124 | D:5      | Paralysed by a giant eyeball for 2 turns
  5242 | D:5      | Found a white marble altar of Elyvilon.
  5255 | D:5      | Acquired Makhleb's third power
  5338 | D:6      | Found Ugiog's Assorted Antiques.
  5394 | D:6      | Found Mujadawk's Distillery.
  5399 | D:6      | Reached skill level 9 in Unarmed Combat
  5491 | D:6      | Reached skill level 5 in Fighting
  5491 | D:6      | Reached XP level 8. HP: 62/68 MP: 3/3
  5530 | D:6      | Bought a fluorescent wand for 116 gold pieces
  5574 | D:6      | Found Idumeall's Antique Weapon Shoppe.
  5657 | D:6      | Found Thruolamp's Magic Scroll Boutique.
  5731 | D:6      | Acquired Makhleb's fourth power
  5749 | D:6      | Found Itihuola's Jewellery Shoppe.
  5915 | D:6      | Noticed Grinder
  5927 | D:6      | Paralysed by Grinder for 3 turns
  5933 | D:6      | Killed Grinder
  5933 | D:6      | Reached skill level 10 in Unarmed Combat
  5985 | D:7      | Noticed Joseph
  6163 | D:7      | Killed Joseph
  6163 | D:7      | Reached skill level 11 in Unarmed Combat
  6211 | D:7      | Found Fometz's Antique Weapon Boutique.
  6284 | D:7      | Reached XP level 9. HP: 73/78 MP: 4/4
  6498 | D:7      | Found a shattered altar of Ashenzari.
  6768 | D:8      | Acquired Makhleb's fifth power
  6877 | D:8      | Reached skill level 12 in Unarmed Combat
  6977 | D:8      | Found an iron altar of Okawaru.
  7304 | D:8      | Got a shimmering leather armour
  7317 | D:8      | Identified the +3 leather armour of Lugonu's Delight {Dex+4 Int-4} (You found it on level 8 of the Dungeon)
  7510 | D:8      | Found a snail-covered altar of Cheibriados.
  7556 | D:8      | Found a glowing silver altar of Zin.
  7707 | D:8      | Found a bloodstained altar of Trog.
  7710 | D:8      | Found a radiant altar of Vehumet.
  7711 | D:8      | Found a glowing golden altar of the Shining One.
  7822 | D:9      | Noticed Psyche
  7829 | D:9      | Killed Psyche
  7829 | D:9      | Reached skill level 13 in Unarmed Combat
  7831 | D:9      | Reached XP level 10. HP: 85/90 MP: 4/4
  7927 | D:9      | Noticed a hill giant
  7938 | D:9      | Killed a hill giant
  8004 | D:9      | Noticed 4tharraofdagon's ghost (experienced HaHu)
  8025 | D:9      | Killed 4tharraofdagon's ghost
  8058 | D:9      | Found a flagged portal.
  8083 | Bailey   | Entered a bailey
  8083 | Bailey   | Noticed an orc knight
  8098 | Bailey   | Noticed an orc knight
  8099 | Bailey   | Noticed an orc knight
  8171 | D:9      | Noticed Pikel
  8191 | D:9      | Killed Pikel
  8288 | D:9      | Reached skill level 14 in Unarmed Combat
  8330 | D:9      | Found a glowing silver altar of Zin.
  8345 | D:9      | Found a staircase to the Lair.
  8345 | D:9      | Noticed a komodo dragon
  8356 | D:9      | Reached skill level 10 in Fighting
  8362 | D:9      | Killed a komodo dragon
  8769 | D:10     | Entered Level 10 of the Dungeon
  8949 | D:10     | Noticed a hill giant
  8982 | D:10     | HP: 3/94 [hill giant/giant spiked club (33)]
  8984 | D:10     | Killed a hill giant
  8988 | D:10     | Reached XP level 11. HP: 29/101 MP: 4/4
  9285 | D:10     | Found a portal to a secret trove of treasure.
  9297 | D:10     | Reached skill level 15 in Unarmed Combat
  9835 | D:10     | Paralysed by a giant eyeball for 3 turns
  9846 | D:10     | Paralysed by a giant eyeball for 4 turns
  9853 | D:10     | Paralysed by a giant eyeball for 2 turns
 10459 | Lair:1   | Entered Level 1 of the Lair of Beasts
 11460 | Lair:2   | Reached skill level 16 in Unarmed Combat
 12091 | Lair:2   | Identified a -2 rod of clouds (13/13) (You found it on level 2 of the Lair of Beasts)
 12338 | Lair:3   | Reached XP level 12. HP: 80/108 MP: 5/5
 12414 | Lair:3   | Found a staircase to the Shoals.
 12567 | Lair:3   | Reached skill level 17 in Unarmed Combat
 13103 | Lair:3   | Reached skill level 10 in Armour
 13133 | Lair:3   | Reached skill level 1 in Invocations
 13622 | Lair:4   | Reached skill level 18 in Unarmed Combat
 15657 | Lair:7   | Reached XP level 13. HP: 111/114 MP: 15/15
 15674 | Lair:7   | Reached skill level 5 in Invocations
 16029 | Lair:7   | Reached skill level 19 in Unarmed Combat
 16797 | Lair:8   | Entered Level 8 of the Lair of Beasts
 16804 | Lair:8   | Noticed 4tharraofdagon's ghost (powerful LOFE)
 16860 | Lair:8   | Killed 4tharraofdagon's ghost
 17382 | Lair:8   | Reached skill level 20 in Unarmed Combat
 17531 | Lair:8   | Found a staircase to the Slime Pits.
 17777 | Lair:8   | Reached XP level 14. HP: 122/122 MP: 21/21
 18148 | Lair:8   | Got a faintly glowing ring mail
 18165 | Lair:8   | Identified the +5 ring mail "Jioppoo" {Stlth-} (You found it on level 8 of the Lair of Beasts)
 18193 | Lair:8   | Got a brightly glowing robe
 18207 | Lair:8   | Identified the +3 robe of Awe {Int+3 Acc+5} (You found it on level 8 of the Lair of Beasts)
 18634 | D:11     | Found Kouf's Assorted Antiques.
 18655 | D:11     | Bought a scroll labeled NOEJYAB EROES for 28 gold pieces
 18655 | D:11     | Bought a scroll of blinking for 210 gold pieces
 18682 | D:11     | Found Woufug's Distillery.
 18685 | D:11     | Bought a potion of mutation for 27 gold pieces
 18685 | D:11     | Bought a potion of mutation for 27 gold pieces
 18688 | D:11     | Gained mutation: You are robust (+10% HP). [potion of mutation]
 18688 | D:11     | Gained mutation: You evolve. [potion of mutation]
 18689 | D:11     | Gained mutation: You are agile. (Dex +2) [potion of mutation]
 18791 | D:11     | Noticed Erica
 18805 | D:11     | Killed Erica
 18909 | D:11     | Found a staircase to the Orcish Mines.
 19082 | D:11     | Found Qempariy's Book Emporium.
 19667 | D:12     | Found a radiant altar of Vehumet.
 19866 | D:12     | Noticed a frost giant
 20017 | Orc:1    | Entered Level 1 of the Orcish Mines
 20475 | Orc:1    | Found a roughly hewn altar of Beogh.
 20752 | Orc:1    | Reached skill level 21 in Unarmed Combat
 21168 | Orc:3    | Noticed Donald
 21188 | Orc:2    | Killed Donald
 21274 | Orc:3    | Found a staircase to the Elven Halls.
 21723 | Orc:3    | You fall through a shaft!
 21723 | Orc:4    | Entered Level 4 of the Orcish Mines
 22222 | Orc:3    | Reached skill level 1 in Shields
 22351 | Orc:4    | Found Gubaf's Gadget Boutique.
 22678 | Orc:4    | Found Caopalel's Jewellery Emporium.
 22772 | Orc:4    | Found Romerad's Antique Weapon Emporium.
 23791 | Orc:4    | Reached skill level 5 in Shields
 24147 | Orc:4    | Found Riet's Armour Shop.
 24147 | Orc:4    | Found Kur Jyut's Armour Shoppe.
 24150 | Orc:4    | Found Ralaef's Antique Armour Emporium.
 24152 | Orc:4    | Found Quig's Book Boutique.
 24162 | Orc:4    | Quig's Book Boutique was a mimic.
 24167 | Orc:4    | Bought the +5 shield of Resistance {rF+ rC+ MR+} for 617 gold pieces
 24167 | Orc:4    | Bought the +9 armour of the Dragon King {rPois rF+ rC+ MR+} for 1372 gold pieces
 24175 | Orc:4    | Bought a pair of glowing gloves for 94 gold pieces
 24380 | Orc:4    | Gained mutation: You can spit poison. [evolution]
 24940 | D:13     | Found a roughly hewn altar of Beogh.
 25385 | D:13     | Reached XP level 15. HP: 138/141 MP: 24/24
 25489 | D:13     | Found a gate to the Vaults.
 25528 | D:13     | Reached skill level 10 in Shields
 26765 | D:15     | Entered Level 15 of the Dungeon
 26958 | D:15     | Got a flickering wooden ring
 27115 | D:15     | Found a basalt altar of Yredelemnul.
 27749 | D:15     | Found a staircase to the Depths.
 28167 | Lair:4   | Found a hole to the Spider Nest.
 28306 | Spider:1 | Entered Level 1 of the Spider Nest
 29072 | Spider:1 | Got a twitching pewter amulet
 29073 | Spider:1 | Identified the amulet of Xom's Favour {Ward rN+ Str-2 Int-3} (You found it on level 1 of the Spider Nest)
 29074 | Spider:1 | Identified the ring "Rokatz" {rC+ Stlth+} (You found it on level 15 of the Dungeon)
 29075 | Spider:1 | Reached skill level 15 in Shields
 29075 | Spider:1 | Reached XP level 16. HP: 150/150 MP: 25/25
 30558 | Spider:1 | Reached XP level 17. HP: 144/159 MP: 25/25
 31550 | Spider:3 | Noticed Frances
 31680 | Spider:2 | Lost mutation: You are robust (+10% HP). [evolution]
 31711 | Spider:3 | Killed Frances
 31780 | Spider:3 | Noticed Jorgrun
 31832 | Spider:3 | Killed Jorgrun
 32078 | Spider:3 | Reached skill level 22 in Unarmed Combat
 32455 | Spider:3 | Noticed Mara
 32459 | Spider:3 | Noticed Infinimo's illusion
 32624 | Spider:3 | Noticed Infinimo's illusion
 32823 | Spider:4 | Noticed Arachne
 32858 | Spider:4 | Killed Arachne
 33046 | Spider:4 | Noticed Roxanne
 33062 | Spider:4 | Killed Roxanne
 33177 | Spider:4 | Noticed Aizul
 33206 | Spider:4 | Killed Aizul
 33785 | Spider:5 | Entered Level 5 of the Spider Nest
 33960 | Shoals:1 | Entered Level 1 of the Shoals
 34645 | Shoals:1 | Found Wicil's Weapon Emporium.
 35294 | Shoals:2 | Noticed Polyphemus
 35402 | Shoals:2 | Killed Polyphemus
 36160 | Shoals:2 | Gained mutation: You are resistant to hostile enchantments. [evolution]
 36641 | Shoals:2 | Reached XP level 18. HP: 141/158 MP: 26/26
 36755 | Shoals:3 | Noticed Rupert
 36788 | Shoals:2 | Killed Rupert
 36788 | Shoals:2 | Reached skill level 23 in Unarmed Combat
 37113 | Shoals:4 | Noticed Armakuni's ghost (mighty HuFi)
 37149 | Shoals:4 | Killed Armakuni's ghost
 37211 | Shoals:5 | Entered Level 5 of the Shoals
 37573 | Shoals:5 | Got a transparent turquoise ring
 38035 | Shoals:5 | Identified the ring of a Thousand Mice {Contam rN+ EV+2} (You found it on level 5 of the Shoals)
 38354 | Shoals:5 | Got a barnacled rune of Zot
 38486 | Shoals:5 | HP: 2/160 [drowned by a water nymph (7)]
 40452 | Spider:5 | Noticed Nikola
 40473 | Spider:5 | Killed Nikola
 40637 | Spider:5 | Reached skill level 24 in Unarmed Combat
 41033 | Spider:5 | Reached skill level 15 in Fighting
 41784 | Spider:5 | Reached XP level 19. HP: 134/170 MP: 27/27
 41890 | Spider:5 | Got a gossamer rune of Zot
 42575 | Vaults:1 | Entered Level 1 of the Vaults
 42918 | Vaults:1 | Reached skill level 15 in Armour
 43814 | Vaults:2 | Found a staircase to the Crypt.
 44828 | Vaults:2 | Found Qieck's General Store.
 45292 | Vaults:2 | Reached skill level 25 in Unarmed Combat
 45633 | Vaults:3 | Annihilated by a titanic slime creature

Action                   |  1- 3 |  4- 6 |  7- 9 | 10-12 | 13-15 | 16-18 | 19-21 || total
-------------------------+-------+-------+-------+-------+-------+-------+-------++-------
Melee: Unarmed           |    80 |   124 |   410 |  1025 |  2097 |  2007 |   670 ||  6413
Evoke: Wand              |     1 |       |     4 |     4 |     4 |    11 |     1 ||    25
  Use: Potion            |     6 |     5 |     2 |     3 |     9 |     9 |       ||    34
       Scroll            |     7 |     3 |     5 |     2 |    12 |    17 |     1 ||    47
 Stab: Sleeping          |     1 |       |       |       |       |       |       ||     1
       Invisible         |       |     1 |       |       |       |       |       ||     1
       Fleeing           |       |       |       |     1 |       |       |       ||     1
